 Dungeon Crawl Stone Soup version 0.20.0-15-g7f486f2 (webtiles) character file.

252 Gorglomux the Poker (level 5, -2/38 HPs)
             Began as a Mummy Gladiator on June 9, 2017.
             Slain by an ogre
             ... wielding a +0 giant club
              (22 damage)
             ... on level 3 of the Dungeon.
             The game lasted 00:06:38 (3039 turns).

Gorglomux the Poker (Mummy Gladiator)               Turns: 3039, Time: 00:06:39

Health: -2/38      AC: 10    Str: 17    XL:     5   Next: 89%
Magic:  5/5        EV: 12    Int:  8    God:
Gold:   179        SH:  0    Dex: 14    Spells: 4/4 levels left

rFire    x . .     SeeInvis .   a - +0 trident
rCold    + . .     Gourm    .   (no shield)
rNeg     + + +     Faith    .   K - +0 troll leather armour {Purgy}
rPois    ∞         Spirit   .   c - +0 helmet
rElec    .         Reflect  .   X - +2 cloak
rCorr    .         Harm     .   N - +0 pair of gloves
MR       .....                  U - +0 pair of boots (curse)
Stlth    +.........             (no amulet)
Regen    0.6/turn               (no ring)
MPRegen  0.1/turn               (no ring)

@: no status effects
A: no food or potions, fire vulnerability, cold resistance 1, negative energy
resistance 3, torment resistance, unbreathing
a: no special abilities


You were on level 3 of the Dungeon.
You were not hungry.

You visited 1 branch of the dungeon, and saw 4 of its levels.

You collected 179 gold pieces.

Inventory:

Hand Weapons
 a - a +0 trident (weapon)
 b - a +0 hunting sling
Missiles
 S - 58 sling bullets
 V - 39 stones
 Z - 2 throwing nets (quivered)
Armour
 c - a +0 helmet (worn)
 K - a +0 troll leather armour (worn) {Purgy}
 N - a +0 pair of gloves (worn)
 U - a cursed +0 pair of boots (worn)
 X - a +2 cloak (worn)
 Y - a +0 ring mail
Scrolls
 L - a scroll of enchant weapon
 M - a scroll of magic mapping
 O - a scroll of fear
 P - a scroll of enchant armour
 Q - a scroll of noise {unknown}
 W - 2 scrolls of remove curse {unknown}


   Skills:
 - Level 2.0 Fighting
 + Level 5.5 Polearms
 - Level 1.5 Throwing
 - Level 2.4 Dodging


You had 4 spell levels left.
You didn't know any spells.

Dungeon Overview and Level Annotations

Branches:
Dungeon (4/15)
 Temple: D:4-7

Altars:
Nemelex Xobeh
Ru
Uskayaw

Annotations:
D:4 Sigmund


Innate Abilities, Weirdness & Mutations

You do not eat or drink.
Your flesh is vulnerable to fire.
You are immune to poison.
Your flesh is cold resistant. (rC+)
You are immune to negative energy. (rN+++)
You are immune to unholy pain and torment.
You can survive without breathing.


Message History

Press: ? - help, Dir - move target cursor, f/p - ogre
Aim: an ogre, wielding a giant club You barely miss the ogre.
The ogre hits you with a giant club! The ogre barely misses you.
You climb upwards.
There is a stone staircase leading down here.
The ogre hits you with a giant club!
Attack whom?
Press: ? - help, Dir - move target cursor, f - ogre
Aim: an ogre, wielding a giant club You reach to attack!
You hit the ogre.
The ogre is lightly wounded.
You puncture the ogre!
The ogre is moderately wounded.
The ogre hits you with a giant club!
You hit the ogre but do no damage.
The ogre is moderately wounded.
The ogre hits you with a giant club!!
Ouch! That really hurt!
You die...

#####.########...........#
#.....# #.8.......8.# #.....#
#...........# #####.....#
##.8.......8.# >.........#
#.....!)%....##
.####.....#######..8..._...8..#
.# #####.#..O........###.....# .#
#O#.######............# .####
#.#....O@............## ....#
#..######............# ....#
#..## #............# ....# #...#
#............# ....# #.#.##
#............# ....# #.#..#
#............# ..#######.##.##
#............#### ........#.##..#
#.#.#.#..........
..#####.#.###.###.#.#.#÷#########


You could see an ogre.

Vanquished Creatures
  Purgy (D:4)
  A bullfrog (D:4)
  2 adders (D:3)
  An ooze (D:1)
  A worm (D:2)
  4 leopard geckos
  6 orcs (D:3)
  A giant cockroach (D:1)
  7 goblins
  5 hobgoblins
  6 jackals
  2 ball pythons
  5 bats
  8 frilled lizards
  5 kobolds
  9 rats
64 creatures vanquished.

Notes
Turn   | Place    | Note
-------+----------+-------------------------------------------
     0 | D:1      | Gorglomux the Mummy Gladiator began the quest for the Orb.
     0 | D:1      | Reached XP level 1. HP: 16/16 MP: 1/1
   157 | D:1      | Reached XP level 2. HP: 22/22 MP: 2/2
   179 | D:1      | Reached skill level 3 in Polearms
   747 | D:2      | Noticed Sigmund
   925 | D:2      | Reached XP level 3. HP: 26/27 MP: 3/3
  1340 | D:2      | Found a sacrificial altar of Ru.
  1737 | D:3      | Reached skill level 4 in Polearms
  1970 | D:3      | Found a hide-covered altar of Uskayaw.
  2037 | D:3      | Reached XP level 4. HP: 33/33 MP: 4/4
  2552 | D:4      | Noticed Purgy
  2585 | D:4      | HP: 1/33 [Purgy (4)]
  2589 | D:4      | Killed Purgy
  2589 | D:4      | Reached skill level 5 in Polearms
  2589 | D:4      | Reached XP level 5. HP: 1/38 MP: 5/5
  2981 | D:4      | Found a sparkling altar of Nemelex Xobeh.
  2997 | D:4      | Noticed an ogre
  3039 | D:3      | Slain by an ogre

Skill      XL: |  1  2  3  4 |
---------------+-------------+-----
Polearms       | 3 4 5 |  5.5
Fighting       | |  2.0
Throwing       | |  1.5
Dodging        | |  2.4

Action                   |  1- 3 |  4- 6 || total
-------------------------+-------+-------++-------
Melee: Trident           |   123 |    91 ||   214
 Fire: Hunting sling     |    29 |    10 ||    39
Throw: Throwing net      |       |     2 ||     2
  Use: Scroll            |       |     6 ||     6
 Stab: Sleeping          |     1 |       ||     1
       Held in net/web   |       |     1 ||     1
Armor: Ring mail         |    41 |    81 ||   122
       Troll leather arm |       |     2 ||     2
Dodge: Dodged            |    49 |    82 ||   131
